 Dungeon Crawl Stone Soup version 0.19.0-2-gae57169 (webtiles) character file.

21497 Querens the Grappler (level 12, -2/130 HPs)
             Began as a Troll Monk on Nov 3, 2016.
             Slain by a komodo dragon (10 damage)
             ... on level 2 of the Lair of Beasts.
             The game lasted 00:37:34 (8596 turns).

Querens the Grappler (Troll Monk)                   Turns: 8596, Time: 00:37:34

Health: -2/130     AC: 12    Str: 22    XL:     12   Next: 54%
Magic:  0/11       EV: 18    Int:  6    God:
Gold:   657        SH:  0    Dex: 18    Spells: 0 memorised, 11 levels left

rFire  . . .     SeeInvis .       - Unarmed
rCold  . . .     Gourm    +     M - +2 robe {MR+}
rNeg   . . .     Faith    .     (no shield)
rPois  .         Spirit   +     S - +2 hat
rElec  .         Reflect  .     u - +0 cloak
rCorr  +         Harm     .     (gloves unavailable)
MR     +....     Clarity  +     (boots unavailable)
Stlth  +++.......               q - amulet of guardian spirit
                                V - ring of flight
                                x - ring of resist corrosion

@: very slightly contaminated, hasted, very quick
A: unfitting armour, claws 3, molten scales 1, thin skeletal structure 1, blink,
blurry vision 1, clarity, fast metabolism 3, gourmand, sense surroundings 1,
regeneration 1, robust 1, shaggy fur 1, tough skin 2
a: Blink, Evoke Flight


You were on level 2 of the Lair of Beasts.
You were completely stuffed.

You visited 3 branches of the dungeon, and saw 12 of its levels.
You also visited: Ossuary.

You collected 657 gold pieces.

Inventory:

Missiles
 H - 8 large rocks (quivered)
Armour
 u - a +0 cloak (worn)
 M - a +2 robe of magic resistance (worn)
 S - a +2 hat (worn)
Jewellery
 q - an amulet of guardian spirit (around neck)
 x - a ring of resist corrosion (left claw)
 y - an uncursed amulet of magic regeneration
 V - a ring of flight (right claw)
 W - an uncursed ring of protection from magic {unknown}
Wands
 A - a wand of acid (4/15)
 E - a wand of flame (37/48)
 G - a wand of paralysis (12/24)
 O - a wand of slowing (20/48)
 P - a wand of random effects (30/48)
 R - a wand of iceblast (9/15)
 T - a wand of disintegration (1/24)
Scrolls
 a - 3 scrolls of holy word {unknown}
 d - 8 scrolls of remove curse
 f - 10 scrolls of identify {unknown}
 i - 3 scrolls of blinking {unknown}
 j - 2 scrolls of magic mapping {unknown}
 m - 2 scrolls of fear {unknown}
 n - 5 scrolls of teleportation {unknown}
 r - 9 scrolls of enchant weapon {unknown}
 s - a scroll of random uselessness {unknown}
 v - a scroll of immolation {unknown}
 z - 4 scrolls of enchant armour {unknown}
 C - a scroll of recharging {unknown}
 D - a scroll of amnesia {unknown}
 N - a scroll of acquirement {unknown}
 X - a scroll of vulnerability {unknown}
Potions
 c - a potion of haste
 e - 3 potions of agility {unknown}
 g - 7 potions of curing
 h - 5 potions of resistance {unknown}
 k - 6 potions of heal wounds {unknown}
 p - 3 potions of flight {unknown}
 t - 3 potions of might {unknown}
 w - 2 potions of degeneration {unknown}
 F - a potion of cancellation {unknown}
 I - 2 potions of cure mutation {unknown}
 K - a potion of ambrosia {unknown}
 L - 3 potions of mutation {unknown}
Books
 J - a book of Geomancy

   Spells                             Type                      Level
   a - Sandblast                      Earth                        1
   b - Passwall                       Transmutation/Earth          2
   c - Stone Arrow                    Conjuration/Earth            3
   d - Petrify                        Transmutation/Earth          4
   e - Lee's Rapid Deconstruction     Earth                        5
 U - a book of Flames

   Spells                             Type                      Level
   a - Flame Tongue                   Conjuration/Fire             1
   b - Throw Flame                    Conjuration/Fire             2
   c - Conjure Flame                  Conjuration/Fire             3
   d - Inner Flame                    Hexes/Fire                   3
   e - Sticky Flame                   Conjuration/Fire             4
   f - Fireball                       Conjuration/Fire             5
Comestibles
 b - 10 bread rations
 l - 9 slices of pizza
 o - 7 meat rations
 B - 2 beef jerkies
 Q - 14 fruits
 Y - a royal jelly
 Z - 4 chunks of flesh


   Skills:
 + Level 7.8 Fighting
 + Level 3.8 Armour
 * Level 10.8 Dodging
 - Level 4.4 Stealth
 * Level 12.3 Unarmed Combat


You had 11 spell levels left.
You didn't know any spells.

Dungeon Overview and Level Annotations

Branches:
Dungeon (9/15)             Temple (1/1) D:7            Lair (2/6) D:9
  Snake (0/4) Lair:2
  Swamp: Lair:2-4    Shoals: Lair:2-4       Orc: D:9-12

Altars:
Ashenzari
Cheibriados
Dithmenos
Elyvilon
Fedhas
Gozag
Hepliaklqana
Kikubaaqudgha
Makhleb
Nemelex Xobeh
Okawaru
Qazlal
Ru
Sif Muna
Trog
Uskayaw
Vehumet
Xom
Yredelemnul
Zin
The Shining One


Innate Abilities, Weirdness & Mutations

You are too large for most types of armour.
You have claws for hands.
Your metabolism is lightning-fast.
You like to eat raw meat.
Your natural rate of healing is unusually fast.
You are covered in fur. (AC +1)
You have very tough skin. (AC +2)
You are partially covered in molten scales. (AC +2)
You have a somewhat thin skeletal structure. (Dex +2, Stealth)
You can translocate small distances at will.
Scrolls take you a little longer to read.
You possess an exceptional clarity of mind.
You passively map a small area around you.
You are robust. (+10% HP)


Message History

You start eating one of the 6 chunks of flesh.
This raw flesh tastes great.
Eat one of 5 chunks of flesh? (ye/n/q)
You start eating one of the 5 chunks of flesh.
This raw flesh tastes great.
A komodo dragon comes into view.
The komodo dragon moves out of view.
The komodo dragon is too close now for your liking.
The komodo dragon hisses angrily.
The komodo dragon bites you!!
* * * LOW HITPOINT WARNING * * *
You are too injured to fight recklessly!
You are too injured to fight recklessly!
You are too injured to fight recklessly!
You claw the komodo dragon!
The komodo dragon is lightly wounded.
The komodo dragon bites you!!
* * * LOW HITPOINT WARNING * * *
You feel yourself speed up. The komodo dragon bites you!
You die...

* * ##.#..#.#...#.
..............
............. * *
#..........
###.......... ##
#.#..........
##.#####.[..........
#P....>.............
#.l@................
#..........##P.##...
#.........P#######P÷
##........## #..
#.....:....# ## ##.
##........## #..#..
#........##*##...P.
#♣♣♣♣♣♣♣.≈# #≈.....
♣≈≈≈≈≈≈≈≈≈...(.


You could see a komodo dragon.

Vanquished Creatures
  Gastronok (D:8)
  Harold (Lair:2)
  A hydra (Lair:2)
  Erica (D:9)
  6 death yaks (Lair:2)
  Urug (Lair:2)
  Psyche (D:8)
  5 spiny frogs
  4 black mambas
  4 komodo dragons
  A yaktaur (D:9)
  A meliai (shapeshifter) (D:9)
  A polar bear (Lair:2)
  4 blink frogs
  Prince Ribbit (D:9)
  4 hippogriffs
  Sigmund (D:3)
  4 yaks (Lair:1)
  7 water moccasins
  2 porcupines (Lair:1)
  2 orc warriors
  Duvessa (D:6)
  2 phantoms
  2 sky beasts
  2 ogres (D:6)
  10 wolves (Lair:1)
  2 centaurs
  4 crocodiles
  The ghost of Millan the Bolt Thrower, an amateur KoHu (Ossuary)
  An elf zombie (Ossuary)
  12 bullfrogs
  4 scorpions
  Dowan (D:6)
  10 killer bees (D:9)
  4 wights (D:7)
  7 howler monkeys
  3 crimson imps (D:6)
  A jelly (D:6)
  2 human zombies (Ossuary)
  9 orc priests
  Crazy Yiuf (D:3)
  4 hounds
  9 orc wizards
  An iguana (D:6)
  4 worker ants
  A killer bee zombie (D:7)
  A big kobold zombie (Ossuary)
  2 hound zombies (Ossuary)
  A hound skeleton (D:6)
  4 mummies (Ossuary)
  3 worker ant zombies
  A howler monkey skeleton (D:8)
  3 gnolls (D:5)
  6 river rats (D:9)
  15 adders
  3 shadow imps
  An ooze (D:1)
  An adder zombie (Ossuary)
  6 worms
  2 dart slugs
  2 leopard geckos
  37 orcs
  7 giant cockroaches
  5 goblins
  4 hobgoblins
  2 quokkas
  2 ball pythons
  12 bats
  2 frilled lizards
  A hobgoblin zombie (Ossuary)
  A jackal zombie (Ossuary)
  3 kobolds
  A leopard gecko skeleton (D:4)
  An orc zombie (Ossuary)
  12 rats
  4 rat zombies
  A fungus (D:9)
297 creatures vanquished.

Vanquished Creatures (others)
  6 fungi
  12 plants (Lair:2)
18 creatures vanquished.

Grand Total: 315 creatures vanquished

Notes
Turn   | Place    | Note
-------+----------+-------------------------------------------
     0 | D:1      | Querens the Troll Monk began the quest for the Orb.
     0 | D:1      | Reached XP level 1. HP: 22/22 MP: 0/0
   184 | D:1      | Reached XP level 2. HP: 26/29 MP: 1/1
   979 | D:2      | Reached XP level 3. HP: 21/36 MP: 2/2
  1374 | D:3      | Noticed a scorpion
  1383 | D:3      | Killed a scorpion
  1383 | D:3      | Reached XP level 4. HP: 39/45 MP: 1/3
  1400 | D:3      | Found a radiant altar of Vehumet.
  1460 | D:3      | Reached XP level 5. HP: 53/53 MP: 4/4
  1502 | D:3      | Found a runed door.
  1514 | D:3      | Noticed Crazy Yiuf
  1521 | D:3      | Killed Crazy Yiuf
  1521 | D:3      | Reached skill level 4 in Unarmed Combat
  1583 | D:3      | Noticed Sigmund
  1592 | D:3      | Killed Sigmund
  1592 | D:3      | Reached XP level 6. HP: 43/61 MP: 2/5
  1843 | D:3      | Found a glowing silver altar of Zin.
  1899 | D:3      | Reached skill level 5 in Unarmed Combat
  2020 | D:4      | Reached XP level 7. HP: 51/67 MP: 4/6
  2108 | D:4      | Found a hazy altar of Hepliaklqana.
  2128 | D:4      | Found a sacrificial altar of Ru.
  2148 | D:4      | Found a sand-covered staircase.
  2157 | Ossuary  | Entered an ossuary
  2178 | Ossuary  | Noticed Millan's ghost (amateur KoHu)
  2189 | Ossuary  | Killed Millan's ghost
  2207 | Ossuary  | Reached skill level 5 in Dodging
  2317 | Ossuary  | HP: 2/68 [mummy (16)]
  2559 | D:4      | Found a faded altar of an unknown god.
  2559 | D:4      | Found an iron altar of Okawaru.
  2564 | D:4      | Found a faded altar of an unknown god.
  2566 | D:4      | Found a faded altar of an unknown god.
  2568 | D:4      | Found a faded altar of an unknown god.
  2722 | D:5      | Entered Level 5 of the Dungeon
  2744 | D:5      | Reached skill level 6 in Unarmed Combat
  3009 | D:5      | Reached XP level 8. HP: 78/78 MP: 7/7
  3065 | D:5      | Found an opulent altar of Gozag.
  3470 | D:6      | Gained mutation: You passively map a small area around you. [mutagenic meat]
  3472 | D:6      | Gained mutation: You have a somewhat thin skeletal structure. (Dex +2, Stealth) [mutagenic meat]
  3587 | D:6      | Noticed Duvessa
  3589 | D:6      | Noticed Dowan
  3592 | D:6      | Killed Dowan
  3592 | D:6      | Reached skill level 7 in Unarmed Combat
  3600 | D:6      | Killed Duvessa
  3945 | D:6      | Found a bloodstained altar of Trog.
  3948 | D:6      | Found a sparkling altar of Nemelex Xobeh.
  3950 | D:6      | Found a stormy altar of Qazlal.
  4096 | D:6      | Reached XP level 9. HP: 81/85 MP: 8/8
  4495 | D:7      | Found a staircase to the Ecumenical Temple.
  4597 | Temple   | Entered the Ecumenical Temple
  5141 | D:8      | Noticed Gastronok
  5160 | D:8      | Killed Gastronok
  5160 | D:8      | Reached skill level 5 in Fighting
  5160 | D:8      | Reached skill level 8 in Unarmed Combat
  5241 | D:8      | Found a snail-covered altar of Cheibriados.
  5241 | D:8      | Found a sacrificial altar of Ru.
  5242 | D:8      | Found a glowing golden altar of the Shining One.
  5264 | D:8      | Reached XP level 10. HP: 86/96 MP: 3/9
  5296 | D:8      | Reached skill level 9 in Unarmed Combat
  5475 | D:8      | Noticed Psyche
  5484 | D:8      | Killed Psyche
  5582 | D:8      | Found a deep blue altar of Sif Muna.
  5632 | D:8      | Gained mutation: You possess an exceptional clarity of mind. [mutagenic meat]
  5633 | D:8      | Gained mutation: You are partially covered in molten scales. (AC +2) [mutagenic meat]
  5634 | D:8      | Gained mutation: You are robust. (+10% HP) [mutagenic meat]
  5635 | D:8      | Gained mutation: You can translocate small distances at will. [mutagenic meat]
  5636 | D:8      | Gained mutation: Scrolls take you a little longer to read. [mutagenic meat]
  5919 | D:9      | Noticed Erica
  5927 | D:9      | Killed Erica
  6053 | D:9      | Noticed Prince Ribbit
  6138 | D:9      | Reached skill level 10 in Unarmed Combat
  6315 | D:9      | Found a staircase to the Lair.
  6443 | D:9      | Killed Prince Ribbit
  6596 | D:9      | Reached XP level 11. HP: 117/117 MP: 10/10
  6715 | Lair:1   | Entered Level 1 of the Lair of Beasts
  6988 | Lair:1   | Reached skill level 1 in Armour
  7646 | Lair:1   | Reached skill level 11 in Unarmed Combat
  7755 | Lair:2   | Noticed a four-headed hydra
  7885 | Lair:2   | Found a staircase to the Snake Pit.
  7914 | Lair:2   | Reached skill level 10 in Dodging
  7925 | Lair:2   | Noticed Urug
  7940 | Lair:2   | Killed Urug
  8030 | Lair:2   | Reached XP level 12. HP: 126/129 MP: 9/11
  8062 | Lair:2   | Killed a four-headed hydra
  8154 | Lair:2   | Noticed Harold
  8168 | Lair:2   | Killed Harold
  8192 | Lair:2   | Noticed a death yak
  8219 | Lair:2   | Killed a death yak
  8434 | Lair:2   | Noticed a death yak
  8435 | Lair:2   | Noticed a death yak
  8436 | Lair:2   | Noticed a death yak
  8436 | Lair:2   | Noticed a death yak
  8437 | Lair:2   | Noticed a death yak
  8493 | Lair:2   | Killed a death yak
  8493 | Lair:2   | Reached skill level 12 in Unarmed Combat
  8501 | Lair:2   | Killed a death yak
  8511 | Lair:2   | Killed a death yak
  8515 | Lair:2   | Killed a death yak
  8527 | Lair:2   | Killed a death yak
  8596 | Lair:2   | Slain by a komodo dragon

Skill      XL: |  1  2  3  4  5  6  7  8  9 10 11 12 |
---------------+-------------------------------------+-----
Fighting       | 3 4 5 6 7 |  7.8
Dodging        | 3 4 5 6 7 9 10 | 10.8
Unarmed Combat | 4 5 6 7 8 10 11 12 | 12.3
Stealth        | 2 3 4 |  4.4
Armour         | 2 3 |  3.8

Action                   |  1- 3 |  4- 6 |  7- 9 | 10-12 || total
-------------------------+-------+-------+-------+-------++-------
Melee: Unarmed           |    81 |    96 |   338 |   626 ||  1141
       Punch             |     2 |       |    10 |    48 ||    60
Throw: Large rock        |       |       |     3 |       ||     3
 Abil: Blink             |       |       |       |     1 ||     1
Evoke: Wand              |       |       |       |    12 ||    12
  Use: Potion            |       |       |     3 |     5 ||     8
       Scroll            |       |       |       |     2 ||     2
 Stab: Sleeping          |     2 |     2 |     7 |     4 ||    15
       Distracted        |       |       |     1 |     3 ||     4
  Eat: Chunk             |    18 |     6 |    32 |    37 ||    93
Armor: Robe              |    45 |    23 |    96 |   140 ||   304
Dodge: Dodged            |    51 |    48 |   181 |   451 ||   731
